 Dungeon Crawl Stone Soup version 0.26.1-2-gb8aa6d0cf2 (webtiles) character file.

Game seed: 1661310708789725098

135 windgrace the Fighter (level 5, -1/51 HPs)
             Began as a Gnoll Wanderer on Feb 15, 2021.
             Slain by a flying skull (4 damage)
             ... on level 1 of the Abyss.
             The game lasted 00:08:45 (2086 turns).

windgrace the Fighter (Gnoll Wanderer)              Turns: 2086, Time: 00:08:46

Health: -1/51      AC: 11    Str: 18    XL:     5   Next: 18%
Magic:  7/7        EV:  3    Int: 12    God:
Gold:   188        SH:  9    Dex: 14    Spells: 6/6 levels left

rFire    . . .     SeeInvis .   g - +0 dagger
rCold    . . .     Faith    .   d - +0 kite shield
rNeg     . . .     Spirit   .   l - +0 plate armour
rPois    .         Reflect  .   (no helmet)
rElec    .         Harm     .   (no cloak)
rCorr    .         Rampage  .   (no gloves)
Will     .....                  (no boots)
Stlth    ..........             (no amulet)
HPRegen  0.17/turn              (no ring)
MPRegen  0.10/turn              (no ring)

@: no status effects
A: distributed training, fangs 1, strong nose
a: no special abilities


You were on level 1 of the Abyss.
You visited 1 branch of the dungeon, and saw 2 of its levels.
You visited the Abyss 1 time.

You collected 188 gold pieces.

Inventory:

Hand Weapons
 a - a +0 club
 g - a +0 dagger (weapon)
 i - a -2 dagger
Missiles
 f - 65 stones
 h - 15 atropa-tipped darts (quivered)
 k - 14 poisoned darts
 s - 31 sling bullets
Armour
 b - a +0 ring mail
 d - a +0 kite shield (worn)
 l - a +0 plate armour (worn)
 u - a +0 hat
Wands
 w - a wand of polymorph (8)
Scrolls
 e - 5 scrolls of identify
 p - a scroll of remove curse
 t - a scroll of silence {unknown}
Potions
 c - a potion of curing
 j - a potion of heal wounds {unknown}
 m - a potion of mutation {unknown}
 o - a potion of might {unknown}
 q - a potion of ambrosia {unknown}
 v - a potion of lignification {unknown}


   Skills:
 + Level 8.6 Fighting
 + Level 1.4 Short Blades
 + Level 1.4 Long Blades
 + Level 1.4 Axes
 + Level 1.4 Maces & Flails
 + Level 1.4 Polearms
 + Level 1.4 Staves
 + Level 1.4 Slings
 + Level 1.4 Bows
 + Level 1.4 Crossbows
 + Level 1.4 Throwing
 + Level 2.9 Armour
 + Level 1.4 Dodging
 + Level 2.7 Stealth
 + Level 2.9 Shields
 + Level 1.4 Unarmed Combat
 + Level 1.4 Spellcasting
 + Level 1.1 Conjurations
 + Level 3.9 Hexes
 + Level 1.1 Summonings
 + Level 1.1 Necromancy
 + Level 2.3 Translocations
 + Level 1.1 Transmutations
 + Level 1.1 Fire Magic
 + Level 1.1 Ice Magic
 + Level 1.1 Air Magic
 + Level 1.1 Earth Magic
 + Level 1.1 Poison Magic
 + Level 1.5 Invocations
 + Level 1.4 Evocations


You had 6 spell levels left.
You didn't know any spells.
Your spell library was empty.

Dungeon Overview and Level Annotations

Branches:
Dungeon (2/15)

Altars:

Annotations:
D:2 Robin


Innate Abilities, Weirdness & Mutations

Your experience applies equally to all skills.
You have very sharp teeth.
Your uncanny sense of smell can sniff out nearby items.


Message History

Press: ? - help, Dir - move target
As you read the scroll labelled VOESIDAULA, it crumbles to dust.
It was a scroll of blinking.
A white imp comes into view.
The thrashing horror tramples you but does no damage.
You block the thrashing horror's attack.
You feel better.
The thrashing horror roars!
The thrashing horror tramples you but does no damage.
You block the thrashing horror's attack.
The white imp gestures at you. The puff of frost hits you!
* * * LOW HITPOINT WARNING * * *
Okay, then.
You feel better. The flying skull hits you!
* * * LOW HITPOINT WARNING * * *
The white imp shouts, "Scamper away, thou horrid weather-bitten wormtrail!"
A small abomination comes into view.
The flying skull hits you.
You die...

♣... .. #... ..#
###.... ..#
#...#.## #.##
#.....###...##
##.....#.....#.
##............x.
..#....5.@# ...#
........z## ...#
.#...#.## ##.## .
##.....###...##
...
##....z#.....#..#
#...............
#.......#.....#..
........###...##
..#...#.## ##.##
###


You could see a small abomination (wandering), a flying skull and a white imp.

Vanquished Creatures
  A bullfrog skeleton (D:2)
  A hound (D:2)
  2 adders (D:2)
  A worm (D:2)
  2 dart slugs
  A leopard gecko (D:2)
  2 giant cockroaches
  11 goblins
  10 hobgoblins
  3 jackals (D:2)
  4 kobolds
  4 bats
  3 frilled lizards
  2 rats
47 creatures vanquished.

Notes
Turn   | Place    | Note
-------+----------+-------------------------------------------
     0 | D:1      | windgrace the Gnoll Wanderer began the quest for the Orb.
     0 | D:1      | windgrace set off with the following items: a +0 club, a +0
                  | ring mail, a potion of curing, a +0 kite shield
     0 | D:1      | Reached XP level 1. HP: 26/26 MP: 1/1
   263 | D:1      | Reached XP level 2. HP: 33/33 MP: 2/2
  1086 | D:2      | Reached skill level 1 in Invocations
  1086 | D:2      | Reached XP level 3. HP: 32/38 MP: 2/4
  1092 | D:2      | Reached skill level 1 in Short Blades
  1092 | D:2      | Reached skill level 1 in Long Blades
  1092 | D:2      | Reached skill level 1 in Axes
  1092 | D:2      | Reached skill level 1 in Maces & Flails
  1092 | D:2      | Reached skill level 1 in Polearms
  1092 | D:2      | Reached skill level 1 in Staves
  1092 | D:2      | Reached skill level 1 in Slings
  1092 | D:2      | Reached skill level 1 in Bows
  1092 | D:2      | Reached skill level 1 in Crossbows
  1092 | D:2      | Reached skill level 1 in Throwing
  1092 | D:2      | Reached skill level 1 in Dodging
  1092 | D:2      | Reached skill level 1 in Unarmed Combat
  1092 | D:2      | Reached skill level 1 in Spellcasting
  1092 | D:2      | Reached skill level 1 in Evocations
  1108 | D:2      | Reached XP level 4. HP: 33/45 MP: 5/5
  1227 | D:2      | Reached skill level 1 in Conjurations
  1227 | D:2      | Reached skill level 1 in Summonings
  1227 | D:2      | Reached skill level 1 in Necromancy
  1227 | D:2      | Reached skill level 1 in Transmutations
  1227 | D:2      | Reached skill level 1 in Fire Magic
  1227 | D:2      | Reached skill level 1 in Ice Magic
  1227 | D:2      | Reached skill level 1 in Air Magic
  1227 | D:2      | Reached skill level 1 in Earth Magic
  1227 | D:2      | Reached skill level 1 in Poison Magic
  1580 | D:2      | Reached XP level 5. HP: 51/51 MP: 6/6
  1815 | D:2      | Noticed Robin
  1829 | D:2      | Cast into level 1 of the Abyss (Robin)
  1892 | Abyss:1  | Noticed a small abomination
  1905 | Abyss:1  | Noticed a vampire
  1968 | Abyss:1  | Noticed a starcursed mass
  1992 | Abyss:1  | Noticed a flying skull
  1993 | Abyss:1  | Noticed an ice devil
  2046 | Abyss:1  | Noticed a thrashing horror
  2063 | Abyss:1  | Noticed a starcursed mass
  2067 | Abyss:1  | Noticed an ancient zyme
  2085 | Abyss:1  | HP: 1/51 [white imp/puff of frost (9)]
  2086 | Abyss:1  | Noticed a small abomination
  2086 | Abyss:1  | Slain by a flying skull

Illustrated notes

Levels and vault maps discovered:
D:1:      eino_arrival_cavern_e, layout_loops_ring, serial_forest,
          infiniplex_forest_lined_corner, infiniplex_forest_clump_small,
          infiniplex_forest_fountain, infiniplex_forest_straight_3,
          infiniplex_forest_clump_long, infiniplex_forest_end_1
D:2:      layout_basic, uniq_robin
Abyss:1:  base: D:1, evilmike_abyss_exit_10

Skill      XL: |  1  2  3  4 |
---------------+-------------+-----
Translocations | 2 |  2.3
Invocations    | 1 |  1.5
Short Blades   | 1 |  1.4
Long Blades    | 1 |  1.4
Axes           | 1 |  1.4
Maces & Flails | 1 |  1.4
Polearms       | 1 |  1.4
Staves         | 1 |  1.4
Slings         | 1 |  1.4
Bows           | 1 |  1.4
Crossbows      | 1 |  1.4
Throwing       | 1 |  1.4
Dodging        | 1 |  1.4
Unarmed Combat | 1 |  1.4
Spellcasting   | 1 |  1.4
Evocations     | 1 |  1.4
Conjurations   | 1 |  1.1
Summonings     | 1 |  1.1
Necromancy     | 1 |  1.1
Transmutations | 1 |  1.1
Fire Magic     | 1 |  1.1
Ice Magic      | 1 |  1.1
Air Magic      | 1 |  1.1
Earth Magic    | 1 |  1.1
Poison Magic   | 1 |  1.1
Fighting       | |  8.6
Armour         | |  2.9
Stealth        | |  2.7
Shields        | |  2.9
Hexes          | |  3.9

Action                   |  1- 3 |  4- 6 || total
-------------------------+-------+-------++-------
Melee: Club              |    26 |       ||    26
       Dagger            |   122 |   136 ||   258
       Bite              |    23 |    15 ||    38
  Use: Scroll            |     3 |     1 ||     4
       Potion            |       |     4 ||     4
 Stab: Sleeping          |     1 |       ||     1
Armor: Ring mail         |    37 |       ||    37
       Plate armour      |    27 |   109 ||   136
Dodge: Dodged            |    35 |    14 ||    49
Block: Kite shield       |    75 |    85 ||   160
